 Dungeon Crawl Stone Soup version 0.20-a0-870-g4070442 (console) character file.

56 hittembot the Skirmisher (level 3, 0/33 HPs)
             Began as a Minotaur Fighter on Mar 13, 2017.
             Slain by Terence
             ... wielding a +4 flail of crushing
              (3 damage)
             ... on level 2 of the Dungeon.
             The game lasted 00:01:32 (1313 turns).

hittembot the Skirmisher (Minotaur Fighter)         Turns: 1313, Time: 00:01:32

Health: 0/33       AC:  7    Str: 20    XL:     3   Next: 71%
Magic:  2/2        EV:  7    Int:  5    God:
Gold:   119        SH:  9    Dex: 10    Spells: 2/2 levels left

rFire    . . .     SeeInvis .   a - +0 war axe
rCold    . . .     Gourm    .   b - +0 scale mail
rNeg     . . .     Faith    .   c - +0 shield
rPois    .         Spirit   .   (helmet restricted)
rElec    .         Reflect  .   (no cloak)
rCorr    .         Harm     .   (no gloves)
MR       .....                  (no boots)
Stlth    ..........             (no amulet)
Regen    0.2/turn               (no ring)
MPRegen  0.1/turn               (no ring)

@: no status effects
A: retaliatory headbutt, horns 2
a: no special abilities


You were on level 2 of the Dungeon.
You were not hungry.

You visited 1 branch of the dungeon, and saw 2 of its levels.

You collected 119 gold pieces.

Inventory:

Hand Weapons
 a - a +0 war axe (weapon)
Armour
 b - a +0 scale mail (worn)
 c - a +0 shield (worn)
Jewellery
 g - an uncursed ring of protection from fire {unknown}
Scrolls
 e - 4 scrolls of identify {unknown}
 h - a scroll of fear {unknown}
 j - a scroll of enchant armour {unknown}
 l - a scroll of amnesia {unknown}
 m - a scroll of teleportation {unknown}
 o - a scroll of remove curse {unknown}
 q - a scroll of immolation {unknown}
Potions
 d - a potion of might
 i - a potion of cancellation {unknown}
 p - a potion of flight {unknown}
 r - a potion of mutation {unknown}
 s - a potion of magic {unknown}
Comestibles
 f - 2 bread rations
 k - 2 fruits
 n - 7 chunks of flesh


   Skills:
 + Level 4.2 Fighting
 + Level 3.3 Axes
 + Level 4.1 Armour
 + Level 4.2 Shields


You had 2 spell levels left.
You didn't know any spells.

Dungeon Overview and Level Annotations

Branches:
Dungeon (2/15)

Altars:

Annotations:
D:2 Terence


Innate Abilities, Weirdness & Mutations

You reflexively headbutt those who attack you in melee.
You have a pair of horns on your head.


Message History

Terence hits you with a flail of crushing!
You hit Terence but do no damage.
Terence is heavily wounded.
Terence shouts, "Now you die!" Terence barely misses you.
You hit Terence but do no damage. You headbutt Terence, but do no damage.
Terence is heavily wounded.
You block Terence's attack.
You barely miss Terence. You headbutt Terence.
Terence is severely wounded.
You block Terence's attack.
Terence hits you with a flail of crushing.
Your shield prevents you from hitting Terence.
Terence is severely wounded.
Terence hits you with a flail of crushing.
You closely miss Terence. Your headbutt misses Terence.
Terence is severely wounded.
Terence hits you with a flail of crushing!
* * * LOW HITPOINT WARNING * * *
You die...

.#.# ### #.# .# #(#
#.#############
#.###.##..........#
#####.##...........##.#
......##..##.#####.##.#
.##..###..##.#.#...##.#
.##..# #..##...#.####.#
+##..###..####.#@# #.#
..........# #.#.@..#.#
..##.####.####.####.#.#
...#.# #......# ..#
.#.#.# ######## ## ##
#.# ..# ..# .>


You could see Terence.

Vanquished Creatures
  An adder (D:2)
  An ooze (D:2)
  3 dart slugs
  3 leopard geckos (D:1)
  A ball python (D:1)
  5 goblins
  6 hobgoblins
  A quokka (D:2)
  3 bats (D:1)
  A frilled lizard (D:1)
  3 kobolds (D:1)
  5 rats
33 creatures vanquished.

Notes
Turn   | Place    | Note
-------+----------+-------------------------------------------
     0 | D:1      | hittembot the Minotaur Fighter began the quest for the Orb.
     0 | D:1      | Reached XP level 1. HP: 19/19 MP: 0/0
   198 | D:1      | Reached XP level 2. HP: 26/27 MP: 1/1
   749 | D:1      | Reached XP level 3. HP: 31/33 MP: 2/2
  1181 | D:2      | Found a faded altar of an unknown god.
  1304 | D:2      | Noticed Terence
  1313 | D:2      | Slain by Terence

Vault maps used:
D:1:      dpeg_arrival_line_fractal, minmay_cut_off
D:2:      minmay_door_path, chequers_ecumenical_altar_simple_redux, uniq_iyjb,
          uniq_terence

Skill      XL: |  1  2  3 |
---------------+----------+-----
Fighting       | 4 |  4.2
Shields        | 4 |  4.2
Armour         | 4 |  4.1
Axes           | 3 |  3.3

Action                   || total
-------------------------++-------
Melee: War axe           ||    73
       Headbutt          ||    13
  Eat: Chunk             ||     1
Armor: Scale mail        ||    21
Dodge: Dodged            ||    14
Block: Shield            ||    38
